Map: Кислотный завод РВ

Players

Plane

  • Race: Zerg Zerg
  • League: Master
  • Spawn Location: 11:00

TopSpecnaz - Winner!

  • Race: Protoss Protoss
  • League: Master
  • Spawn Location: 5:00

VOD

Have the link to the VOD?

Description

Time

  • Played on: Feb. 2, 2018, 8:41 a.m.
  • Length: 18:38
Show
View Real Time Build Order
Export as new Build Order

Plane Zerg 

Build Orders: Hatch First 

Get SALT Encoding   

  12  0:01  Drone  
  13  0:12  Overlord  
  13  0:18  Drone  
  14  0:32  Drone  
  14  0:33  Drone  
  16  0:35  Drone  
  17  0:54  Hatchery  
  17  0:56  Drone  
  17  1:07  Drone  
  18  1:11  Extractor  
  17  1:20  Drone  
  17  1:21  Spawning Pool  
  17  1:27  Drone  
  17  1:31  Drone  
  19  1:42  Overlord  
  19  2:00  Drone x2  
  21  2:08  Queen x2  
  23  2:09  Zergling x2  
  23  2:11  Metabolic Boost  
  23  2:14  Zergling x2  
  27  2:22  Zergling x4  
  29  2:31  Zergling x2  
  30  2:40  Overlord  
  30  2:49  Lair, Queen  
  30  2:50  Drone  
  33  2:52  Drone  
  33  2:58  Drone x2  
  36  3:03  Drone  
  37  3:06  Overlord  
  37  3:25  Queen  
  39  3:44  Overlord  
  39  3:45  Zergling x2  
  39  3:46  Zergling x12  
  39  3:47  Queen  
  48  4:02  Spore Crawler  
  47  4:03  Spore Crawler  
  47  4:04  Queen  
  47  4:06  Nydus Network  
  47  4:10  Zergling x4  
  47  4:11  Zergling x2  
  50  4:39  Queen  
  50  4:40  Zergling x2  
  50  4:41  Zergling x14  
  60  4:48  Nydus Canal  
  60  4:56  Overlord  
  60  5:29  Queen x2  
  60  5:32  Hydralisk Den  
  62  5:54  Nydus Canal  
  53  6:25  Queen x2  
  51  6:26  Drone  
  51  6:27  Drone x3  
  51  6:29  Extractor x2  
  53  6:33  Drone x5  
  53  6:34  Hatchery  
  57  6:46  Overlord  
  57  6:47  Overlord  
  57  6:53  Drone  
  58  6:56  Drone  
  59  7:01  Overlord  
  59  7:02  Overlord  
  59  7:07  Spore Crawler  
  58  7:10  Spore Crawler  
  49  7:41  Queen x2  
  45  7:59  Queen  
  47  8:06  Hydralisk  
  47  8:07  Hydralisk x4  
  57  8:16  Queen  
  57  8:17  Queen  
  61  8:25  Hydralisk x2  
  65  8:30  Grooved Spines  
  65  8:37  Nydus Canal  
  65  8:41  Hydralisk  
  65  8:42  Hydralisk  
  41  9:26  Queen x3  
  41  9:29  Hydralisk  
  41  9:30  Hydralisk x2  
  47  9:33  Nydus Canal  
  45  9:40  Hydralisk  
  47  9:49  Zergling x2, Hydralisk  
  50  10:06  Hydralisk x2  
  52  10:23  Queen x2  
  46  10:29  Drone x3  
  46  10:33  Drone  
  46  10:34  Drone  
  51  10:42  Drone  
  52  10:43  Drone x2  
  54  11:03  Hatchery  
  53  11:33  Queen x2  
  53  11:34  Queen  
  59  11:40  Drone x6  
  59  11:41  Drone x3  
  68  11:52  Muscular Augments  
  68  11:55  Nydus Canal  
  68  12:08  Drone x5  
  69  12:09  Drone  
  74  12:22  Lurker Den, Hydralisk  
  73  12:23  Hydralisk x4  
  83  12:40  Hydralisk  
  83  12:41  Hydralisk x4  
  83  12:42  Overlord  
  93  12:52  Overlord x2  
  93  12:53  Overlord  
  93  12:55  Hydralisk  
  95  13:13  Hydralisk x7  
  95  13:16  Overlord  
  111  13:31  Hydralisk x4  
  111  13:32  Hydralisk  
  119  13:46  Hydralisk  
  119  13:47  Hydralisk x6  
  133  13:49  Lurker  
  133  13:50  Lurker  
  135  13:56  Nydus Canal  
  135  14:01  Lurker  
  136  14:25  Overlord x2  
  136  14:26  Overlord  
  136  14:36  Nydus Canal  
  80  15:00  Queen, Hydralisk  
  80  15:01  Hydralisk x11  
  98  15:10  Extractor  
  98  15:13  Extractor x2  
  96  15:21  Drone  
  96  15:22  Drone x3  
  96  15:25  Drone x4  
  96  15:28  Hatchery  
  102  15:41  Queen x2  
  102  15:42  Queen x2  
  110  15:43  Hydralisk x3  
  110  15:47  Lurker  
  110  15:48  Lurker  
  110  15:49  Lurker  
  119  15:55  Hydralisk  
  119  15:56  Hydralisk  
  123  16:08  Lurker  
  123  16:09  Lurker  
  125  16:17  Queen  
  127  16:19  Evolution Chamber  
  126  16:28  Overlord x2, Hydralisk  
  126  16:29  Hydralisk x4  
  136  16:34  Queen  
  138  16:44  Hydralisk  
  138  16:45  Hydralisk x3  
  146  16:59  Drone x2  
  146  17:00  Drone x7  
  155  17:02  Extractor x2  
  153  17:16  Infestation Pit  
  152  17:26  Spire  
  151  17:33  Hydralisk x6  
  163  17:41  Hydralisk x2  
  167  17:49  Drone  
  167  17:50  Drone x5  
  167  17:51  Drone  
Show
View Real Time Build Order
Export as new Build Order

TopSpecnaz Protoss - Winner!

Build Orders: 1 Gate Expand, Oracle Opening, Carrier Rush 

Get SALT Encoding   

  12  0:02  Probe  
  13  0:14  Probe  
  14  0:25  Pylon  
  14  0:26  Probe  
  15  0:43  Gateway, Probe (Chrono Boost)  
  16  0:54  Assimilator, Probe (Chrono Boost)  
  17  0:59  Probe (Chrono Boost)  
  18  1:09  Probe  
  19  1:26  Nexus  
  19  1:37  Cybernetics Core  
  19  1:41  Probe  
  20  1:47  Assimilator  
  20  1:54  Pylon  
  20  1:58  Probe  
  21  2:10  Probe  
  21  2:14  Adept  
  24  2:22  Probe  
  25  2:25  Stargate  
  25  2:31  Shield Battery  
  25  2:34  Probe  
  26  2:39  Probe  
  26  2:42  Sentry  
  29  2:46  Probe  
  29  2:50  Pylon  
  30  2:53  Probe  
  31  2:59  Probe  
  32  3:08  Void Ray (Chrono Boost)  
  36  3:13  Probe  
  36  3:15  Probe  
  38  3:22  Assimilator  
  38  3:25  Probe  
  39  3:28  Probe  
  39  3:29  Assimilator  
  40  3:37  Probe  
  40  3:40  Probe  
  40  3:41  Oracle (Chrono Boost)  
  45  3:49  Probe  
  45  3:52  Probe  
  47  4:01  Probe  
  47  4:02  Pylon  
  48  4:04  Probe  
  48  4:09  Fleet Beacon  
  49  4:16  Probe x2  
  51  4:27  Stargate  
  51  4:28  Probe x2  
  53  4:40  Probe x2  
  53  4:44  Stargate  
  55  4:50  Pylon  
  55  4:52  Carrier (Chrono Boost)  
  55  4:53  Probe  
  62  5:04  Pylon  
  62  5:08  Probe  
  59  5:31  Pylon x2  
  59  5:33  Pylon  
  59  5:35  Pylon  
  59  5:37  Pylon  
  59  5:39  Pylon  
  58  5:55  Shield Battery  
  58  5:58  Shield Battery  
  58  6:07  Pylon  
  58  6:14  Probe  
  59  6:29  Void Ray (Chrono Boost)  
  68  6:33  Void Ray x2 (Chrono Boost), Probe  
  69  6:45  Probe  
  70  6:59  Nexus  
  70  7:03  Sentry  
  72  7:10  Oracle (Chrono Boost)  
  75  7:29  Sentry  
  80  7:49  Void Ray (Chrono Boost)  
  80  7:55  Zealot  
  82  8:18  Fleet Beacon  
  82  8:20  Probe  
  82  8:23  Zealot (Chrono Boost), Assimilator  
  85  8:27  Assimilator  
  85  8:28  Probe  
  85  8:30  Pylon  
  85  8:32  Pylon  
  86  8:40  Probe  
  87  8:44  Zealot (Chrono Boost)  
  87  8:45  Void Ray  
  90  9:06  Void Ray  
  90  9:07  Zealot  
  66  9:29  Void Ray (Chrono Boost)  
  66  9:34  Zealot  
  66  9:37  Gateway  
  68  9:47  Gateway  
  68  9:49  Pylon  
  68  9:59  Void Ray (Chrono Boost)  
  72  10:01  Zealot  
  78  10:14  Void Ray (Chrono Boost)  
  82  10:21  Void Ray (Chrono Boost)  
  82  10:23  Probe x2  
  82  10:28  Zealot  
  86  10:34  Oracle (Chrono Boost)  
  86  10:35  Probe x2  
  91  10:36  Zealot  
  91  10:38  Zealot  
  95  10:47  Probe x2  
  103  10:58  Zealot  
  103  11:00  Probe x2  
  103  11:01  Carrier (Chrono Boost)  
  107  11:15  Protoss Air Weapons Level 1 (Chrono Boost)  
  107  11:17  Void Ray (Chrono Boost)  
  109  11:34  Zealot  
  111  11:42  Zealot  
  111  11:43  Zealot  
  111  11:44  Oracle (Chrono Boost)  
  118  11:51  Graviton Catapult  
  118  12:01  Zealot  
  120  12:03  Pylon  
  120  12:19  Void Ray (Chrono Boost)  
  120  12:21  Void Ray (Chrono Boost)  
  120  12:22  Zealot x2  
  132  12:28  Zealot  
  132  12:29  Probe  
  135  12:44  Nexus  
  135  12:50  Sentry  
  137  13:07  Void Ray  
  137  13:09  Probe  
  142  13:18  Pylon  
  142  13:25  Pylon  
  142  13:32  Protoss Air Weapons Level 2 (Chrono Boost)  
  142  13:36  Carrier, Probe  
  142  13:38  Pylon  
  149  13:42  Void Ray  
  149  13:47  Probe  
  154  13:49  Probe  
  155  13:56  Probe, Pylon  
  155  13:57  Pylon  
  156  14:05  Probe x2  
  156  14:07  Zealot  
  156  14:08  Zealot, Sentry  
  164  14:12  Assimilator  
  164  14:19  Void Ray  
  168  14:28  Probe x2, Twilight Council  
  168  14:30  Assimilator  
  170  14:32  Pylon  
  170  14:34  Sentry  
  172  14:39  Void Ray (Chrono Boost)  
  136  14:59  Void Ray (Chrono Boost)  
  126  15:00  Zealot x2 (Chrono Boost)  
  136  15:10  Void Ray (Chrono Boost)  
  136  15:11  Zealot (Chrono Boost), Charge (Chrono Boost)  
  136  15:15  Probe x2  
  136  15:16  Probe  
  136  15:20  Zealot x2 (Chrono Boost)  
  143  15:32  Carrier (Chrono Boost)  
  143  15:34  Zealot  
  151  15:43  Shield Battery x2  
  151  15:52  Shield Battery  
  151  15:54  Robotics Facility  
  151  16:01  Zealot  
  159  16:06  Carrier (Chrono Boost), Protoss Air Weapons Level 3 (Chrono Boost)  
  159  16:13  Zealot x2  
  163  16:25  Void Ray (Chrono Boost)  
  167  16:28  Zealot  
  169  16:40  Zealot  
  169  16:41  Zealot  
  169  16:42  Observer  
  178  16:52  Void Ray (Chrono Boost)  
  178  16:55  Zealot  
  178  17:01  Void Ray (Chrono Boost)  
  180  17:03  Observer  
  180  17:08  Zealot x2  
  189  17:12  Void Ray  
  193  17:22  Zealot  
  195  17:24  Observer  
  195  17:28  Void Ray  
  200  17:43  Nexus  
  200  17:47  Pylon  
  200  17:48  Pylon  
Tags
 
Add a new tag
Caveats
  • Supply blocks, unpowered buildings, or Contaminate may cause inaccurate times.
  • Supply counts are checked every 10 seconds.